 Dungeon Crawl Stone Soup version 0.29-a0-317-gd16b76e6b1 (webtiles) character file.

Game seed: 17397815208639571299

26145 Dabor the Fighter (level 12, -8/94 HPs)
             Began as a Demonspawn Transmuter on Mar 31, 2022.
             Was a High Priest of Cheibriados.
             Mangled by a molten gargoyle
             ... wielding a +0 mace
              (13 damage)
             ... in a volcano.
             The game lasted 00:37:15 (16348 turns).

Dabor the Fighter (Demonspawn Transmuter)          Turns: 16348, Time: 00:37:16

Health: -8/94      AC: 27    Str: 33    XL:     12   Next: 95%
Magic:  22/22      EV:  8    Int: 27    God:    Cheibriados [*****.]
Gold:   549        SH: 33    Dex: 34    Spells: 22/25 levels left

rFire   . . .      SeeInvis .   B - +8 trident "Lotaloech" {freeze, rCorr Str+2}
rCold   . . .      Faith    +   J - +18 shield of the Gong {rElec rN+ Will+ EV-5}
rNeg    + . .      Spirit   .   O - +3 plate armour of Ciejetuo {rPois}
rPois   +          Reflect  .   (helmet restricted)
rElec   +          Harm     .   (no cloak)
rCorr   +          Rampage  .   (no gloves)
Will    +....                   (no boots)
Stlth   ..........              l - amulet of faith
HPRegen 0.25/turn               G - +6 ring of strength
MPRegen 0.18/turn               K - +6 ring of dexterity

@: sanguine armoured, very slow
A: horns 2, foul stench 1, sanguine armour 3, condensation shield
a: Renounce Religion, Bend Time, Temporal Distortion, Slouch, Step From Time


You were in a volcano.
You worshipped Cheibriados.
Cheibriados was extremely pleased with you.
You visited 2 branches of the dungeon, and saw 12 of its levels.
You also visited: Sewer, Bailey and Volcano.

You collected 763 gold pieces.
You spent 214 gold pieces at shops.

Inventory:

Hand Weapons
 j - a +3 whip of electrocution
 s - a +2 shortbow of freezing
 B - the +8 trident "Lotaloech" (weapon) {freeze, rCorr Str+2}
   (You found it on level 5 of the Dungeon)

   It freezes those it strikes, dealing additional cold damage.
   It can also slow down cold-blooded creatures.
   Str:       It affects your strength (+2).
   rCorr:     It protects you from acid and corrosion.
Missiles
 i - 2 atropa-tipped darts
 k - 9 boomerangs (quivered)
 u - 7 poisoned darts
 v - 2 curare-tipped darts
 z - a throwing net
Armour
 q - a +1 ring mail of cold resistance
 A - a +0 buckler
 J - the +18 shield of the Gong (worn) {rElec rN+ Will+ EV-5}
   (You found it on level 7 of the Dungeon)

   It is deafeningly noisy when blocking attacks.
   EV:        It affects your evasion (-5).
   rElec:     It insulates you from electricity.
   rN:        It protects you from negative energy.
   Will:      It increases your willpower.
 L - a +0 troll leather armour
 O - the +3 plate armour of Ciejetuo (worn) {rPois}
   (You took it off an orc warrior in a bailey)

   rPois:     It protects you from poison.
Jewellery
 l - an amulet of faith (around neck)
 G - a +6 ring of strength (left hand)
 I - a +4 ring of evasion
 K - a +6 ring of dexterity (right hand)
 N - a +6 ring of dexterity
Wands
 o - a wand of acid (1)
 y - a wand of polymorph (14)
 F - a wand of flame (19)
 P - a wand of digging (7)
 S - a wand of paralysis (4)
Scrolls
 a - a scroll of fear
 c - 3 scrolls of identify
 e - 2 scrolls of blinking
 f - 2 scrolls of vulnerability
 g - a scroll of magic mapping
 h - 2 scrolls of enchant weapon
 m - 9 scrolls of teleportation
 n - 6 scrolls of fog
 p - 6 scrolls of enchant armour
 t - 2 scrolls of immolation
 C - 2 scrolls of summoning
 R - a scroll of brand weapon
Potions
 b - 6 potions of lignification
 d - 3 potions of flight
 r - 2 potions of curing
 w - a potion of resistance
 x - a potion of heal wounds
 D - a potion of might
 E - 2 potions of attraction
 H - a potion of magic
 M - 3 potions of berserk rage
 Q - a potion of mutation


   Skills:
 + Level 8.8 Fighting
 - Level 6.0 Throwing
 + Level 5.4 Armour
 + Level 6.3 Dodging
 + Level 8.7 Shields
 + Level 4.5 Unarmed Combat
 - Level 7.2 Spellcasting
 - Level 7.2 Transmutations
 - Level 8.5 Invocations


You had 22 spell levels left.
You knew the following spells:

 Your Spells              Type           Power      Damage    Failure   Level
a - Beastly Appendage     Tmut           98%        N/A       5%          1
b - Wereblood             Tmut           49%        N/A       8%          2

Your spell library contained the following spells:

 Spells                   Type           Power      Damage    Failure   Level
 Spider Form              Tmut/Pois      29%        N/A       56%         3
 Animate Skeleton         Necr           18%        N/A       71%         1
 Apportation              Tloc           18%        N/A       71%         1
 Magic Dart               Conj           36%        1d4       71%         1
 Summon Small Mammal      Summ           36%        N/A       71%         1
 Call Imp                 Summ           9%         N/A       85%         2
 Ice Form                 Ice/Tmut       29%        N/A       93%         4
 Mephitic Cloud           Conj/Pois/Air  9%         N/A       97%         3
 Summon Guardian Golem    Hex/Summ       9%         N/A       97%         3
 Fireball                 Conj/Fire      4%         3d4       100%        5
 Starburst                Conj/Fire      4%         6d4       100%        6
 Orb of Destruction       Conj           4%         9d5       100%        7
 Spellforged Servitor     Conj/Summ      4%         N/A       100%        7
 Ignition                 Fire           4%         3d4       100%        8


Dungeon Overview and Level Annotations

Branches:
Dungeon (10/15)            Temple (0/1) D:5            Lair (0/6) D:9
    Orc (2/2) D:9             Elf (0/3) Orc:2         Sewer (visited)
 Bailey (visited)         Volcano (1/1)

Altars:
Ashenzari
Cheibriados
Dithmenos
Sif Muna

Shops:
D:1 (   D:2 ?   D:4 *   D:6 (   D:9 [   Orc:1 *

Annotations:
Orc:2 Azrael


Innate Abilities, Weirdness & Mutations

You have a pair of horns on your head.
You may rarely emit foul miasma when damaged in melee.
When seriously injured, your blood forms very thick armour. (AC +12)
A meltable shield of frost defends you. (SH +0)


Message History

Press: ? - help, Q - select action, (/) - cycle Shift-Dir - straight line, f - molten gargoyle
Aim: a molten gargoyle, wielding a +0 mace (81% to hit)
You throw a boomerang. The boomerang hits the molten gargoyle.
The molten gargoyle is lightly damaged.
The molten gargoyle blasts magma at you!
The bolt of magma hits you!!
Your blood congeals into armour.
Throw: 9 boomerangs
Press: ? - help, Q - select action, (/) - cycle Shift-Dir - straight line, f/p - molten gargoyle
Aim: a molten gargoyle, wielding a +0 mace (lightly damaged, 81% to hit)
You throw a boomerang. The boomerang hits the molten gargoyle.
The molten gargoyle is lightly damaged.
Throw: 9 boomerangs
Press: ? - help, Q - select action, (/) - cycle Shift-Dir - straight line, f - you
Okay, then.
The molten gargoyle blasts magma at you!
The bolt of magma hits you!!
You close the large door.
A molten gargoyle opens the large door.
You are too injured to fight recklessly!
You puncture the molten gargoyle! You freeze the molten gargoyle.
The molten gargoyle is heavily damaged.
You block the molten gargoyle's attack.
GONNNNG!
You hear a roar!
You barely miss the molten gargoyle.
The molten gargoyle is heavily damaged.
The molten gargoyle blasts magma at you!
The bolt of magma hits you!!
* * * LOW HITPOINT WARNING * * *
You block the molten gargoyle's attack.
GONNNNG!
You puncture the molten gargoyle! You freeze the molten gargoyle.
The molten gargoyle is almost destroyed.
You block the molten gargoyle's attack.
BONNNG!
You hit the molten gargoyle. You freeze the molten gargoyle.
The molten gargoyle is almost destroyed.
The molten gargoyle hits you with a +0 mace!
* * * LOW HITPOINT WARNING * * *
You are engulfed in flames!
You die...

########..#
##.8..8##..####
#8.....'.8...8#
#......'......#
#∩.∩...#..⌠...# #######
#...(..)......####..≈≈≈≈≈
#8.).).).8...8#..')#≈≈≈≈
##.8..8##..####..9..≈≈≈≈≈
########..# #.@#..#≈≈≈≈
#..####).##..#≈≈§
#..##.'..# #..≈ ≈
#..####..# #.#≈
#..####..# ..##
#..##.'..# .. #..####..#
#..# #..# #..####..#


You could see a molten gargoyle.

Vanquished Creatures
  2 two-headed ogres
  2 orc knights
  3 cyclopes
  2 salamanders (Volcano)
  Joseph (D:9)
  A molten gargoyle (Volcano)
  3 gargoyles (Volcano)
  2 vault sentinels (D:7)
  An unseen horror (D:10)
  A kobold demonologist (D:9)
  A troll (D:8)
  The ghost of Bnni the Chopper, an amateur FoAK of Lugonu (D:3)
  Sigmund (D:6)
  2 shadows
  13 yaks
  2 wyverns
  A warg (Orc:1)
  A two-headed ogre zombie (D:9)
  4 water moccasins (D:9)
  A sky beast (D:6)
  Duvessa (D:5)
  6 black bears
  18 orc warriors
  2 ice beasts
  4 ogres
  A phantom (D:9)
  4 centaurs
  2 kobold brigands
  5 bullfrogs
  2 necrophages
  3 scorpions
  9 wights
  Dowan (D:5)
  10 killer bees
  2 troll zombies (D:9)
  An electric eel (D:7)
  A gnoll shaman (D:5)
  2 jellies
  8 orc priests
  5 hounds
  13 orc wizards
  5 ogre zombies (D:9)
  17 gnolls
  12 adders
  3 river rats
  2 shadow imps
  4 white imps
  2 worms
  43 orcs
  4 endoplasms
  3 giant cockroaches
  11 hobgoblins
  2 jackals (D:1)
  2 quokkas
  9 ball pythons
  4 bats (D:1)
  10 frilled lizards
  12 goblins
  A goblin zombie (D:9)
  A hobgoblin skeleton (D:9)
  4 hobgoblin zombies (D:9)
  8 kobolds
  4 orc skeletons (D:9)
  15 orc zombies (D:9)
  13 rats
336 creatures vanquished.

Vanquished Creatures (collateral kills)
  A gnoll (D:3)
1 creature vanquished.

Vanquished Creatures (others)
  A molten gargoyle (Volcano)
  An orc wizard (D:7)
  A gnoll (D:3)
  33 fungi (D:9)
  27 plants (D:9)
63 creatures vanquished.

Grand Total: 400 creatures vanquished

Notes
Turn   | Place    | Note
-------+----------+-------------------------------------------
     0 | D:1      | Dabor the Demonspawn Transmuter began the quest for the
                  | Orb.
     0 | D:1      | Reached XP level 1. HP: 15/15 MP: 3/3
   341 | D:1      | Gained mutation: When seriously injured, your blood forms
                  | armour. (AC +12) [demonic ancestry]
   341 | D:1      | Reached XP level 2. HP: 18/21 MP: 1/5
   528 | D:1      | Learned a level 2 spell: Wereblood
   884 | D:1      | Found a faded altar of an unknown god.
   898 | D:1      | Prayed at the altar of an unknown god.
   898 | D:1      | Became a worshipper of Sif Muna the Loreminder
   898 | D:1      | Reached * piety under Sif Muna
   925 | D:1      | Fell from the grace of Sif Muna
  1366 | D:1      | Found Toebiur's Antique Weapon Shoppe.
  1383 | D:1      | Reached XP level 3. HP: 24/27 MP: 4/6
  1901 | D:2      | Gained mutation: When seriously injured, your blood forms
                  | thick armour. (AC +12) [demonic ancestry]
  1901 | D:2      | Reached XP level 4. HP: 33/34 MP: 5/7
  2182 | D:2      | Found a snail-covered altar of Cheibriados.
  2213 | D:2      | Became a worshipper of Cheibriados the Contemplative
  2910 | D:2      | Reached XP level 5. HP: 34/41 MP: 9/9
  3149 | D:2      | Found Moeski Ominu's Magic Scroll Boutique.
  3162 | D:2      | Bought a scroll of identify for 20 gold pieces
  3162 | D:2      | Bought a scroll of identify for 20 gold pieces
  3162 | D:2      | Bought a scroll of magic mapping for 35 gold pieces
  3384 | D:3      | Noticed a black bear
  3395 | D:3      | Killed a black bear
  3420 | D:3      | Reached * piety under Cheibriados
  3421 | D:3      | Gained mutation: You have a pair of small horns on your
                  | head. [demonic ancestry]
  3421 | D:3      | Reached XP level 6. HP: 13/49 MP: 8/10
  4071 | D:3      | Found a runed translucent door.
  4084 | D:3      | Noticed Bnni's ghost (amateur FoAK)
  4898 | D:3      | Killed Bnni's ghost
  4899 | D:3      | Reached skill level 5 in Fighting
  4899 | D:3      | Reached XP level 7. HP: 42/56 MP: 12/12
  5447 | D:4      | Reached skill level 1 in Invocations
  5668 | D:4      | Reached ** piety under Cheibriados
  6019 | D:4      | Was forgiven by Sif Muna
  6135 | D:4      | Found Camukka's Assorted Antiques.
  6151 | D:4      | Reached skill level 1 in Throwing
  6360 | D:4      | Bought a fuming sapphire potion for 21 gold pieces
  6360 | D:4      | Bought a scroll of identify for 48 gold pieces
  6360 | D:4      | Bought a scroll of identify for 48 gold pieces
  6691 | D:5      | Entered Level 5 of the Dungeon
  6781 | D:5      | Noticed Dowan
  6783 | D:5      | Noticed Duvessa
  6794 | D:5      | Killed Dowan
  6795 | D:5      | Gained mutation: You may rarely emit foul miasma when
                  | damaged in melee. [demonic ancestry]
  6795 | D:5      | Reached XP level 8. HP: 40/64 MP: 10/14
  6802 | D:5      | Killed Duvessa
  7138 | D:5      | Found a staircase to the Ecumenical Temple.
  7545 | D:5      | Identified the +8 trident "Lotaloech" {freeze, rCorr Str+2}
  8445 | D:6      | Noticed Sigmund
  8450 | D:6      | Killed Sigmund
  8497 | D:6      | Found Woicvess's Weapon Shoppe.
  8504 | D:6      | Bought 4 boomerangs for 22 gold pieces
  8519 | D:6      | Reached skill level 1 in Armour
  8519 | D:6      | Reached skill level 1 in Shields
  8645 | D:6      | Found a glowing drain.
  8649 | Sewer    | Entered a sewer
  8738 | Sewer    | Reached *** piety under Cheibriados
  9096 | D:6      | Gained mutation: When seriously injured, your blood forms
                  | very thick armour. (AC +12) [demonic ancestry]
  9096 | D:6      | Reached XP level 9. HP: 57/71 MP: 16/16
  9221 | D:6      | Reached skill level 5 in Spellcasting
  9235 | D:6      | Reached **** piety under Cheibriados
  9390 | D:6      | Found a shadowy altar of Dithmenos.
  9439 | D:6      | Reached skill level 5 in Transmutations
 10594 | D:7      | Reached ***** piety under Cheibriados
 10599 | D:7      | Noticed a vault sentinel
 10604 | D:7      | Noticed a vault sentinel
 10610 | D:7      | Killed a vault sentinel
 10611 | D:7      | Reached skill level 5 in Invocations
 10615 | D:7      | Killed a vault sentinel
 10616 | D:7      | Reached XP level 10. HP: 61/79 MP: 18/18
 10790 | D:7      | Found the +18 shield of the Gong {rElec rN+ Will+ EV-5}
 11197 | D:8      | Noticed a cyclops
 11203 | D:8      | Killed a cyclops
 11617 | D:9      | Found a staircase to the Lair.
 11992 | D:9      | Found Dihuq's Antique Armour Emporium.
 12048 | D:9      | Noticed Joseph
 12475 | D:9      | Killed Joseph
 12481 | D:9      | Reached skill level 5 in Dodging
 12526 | D:9      | Reached ****** piety under Cheibriados
 12575 | D:9      | Noticed a two-headed ogre
 12585 | D:9      | Killed a two-headed ogre
 12586 | D:9      | Gained mutation: You have a pair of horns on your head.
                  | [demonic ancestry]
 12586 | D:9      | Reached XP level 11. HP: 81/86 MP: 16/20
 12652 | D:9      | Found a staircase to the Orcish Mines.
 12676 | D:9      | Reached skill level 5 in Throwing
 13078 | D:9      | Found a broken altar of Ashenzari.
 13156 | D:10     | Entered Level 10 of the Dungeon
 13165 | D:10     | Found a flagged portal.
 13173 | Bailey   | Entered a bailey
 13302 | Bailey   | Identified the +5 robe of the Tentacled God {rF+}
 13302 | Bailey   | Noticed an orc knight
 13312 | Bailey   | Killed an orc knight
 13502 | Bailey   | Identified the +3 plate armour of Ciejetuo {rPois}
 13823 | D:10     | Noticed a two-headed ogre
 13825 | D:10     | Gained mutation: A meltable shield of frost defends you.
                  | (SH +0) [demonic ancestry]
 13825 | D:10     | Reached XP level 12. HP: 44/93 MP: 11/22
 13830 | D:10     | Killed a two-headed ogre
 14577 | D:10     | Reached skill level 5 in Armour
 14955 | Orc:1    | Entered Level 1 of the Orcish Mines
 15532 | Orc:1    | Found Loom's Assorted Antiques.
 15651 | Orc:2    | Entered Level 2 of the Orcish Mines
 15669 | Orc:2    | Found a dark tunnel.
 15727 | Orc:2    | Noticed Azrael
 15732 | Volcano  | Entered a volcano
 16348 | Volcano  | Mangled by a molten gargoyle

Illustrated notes

Levels and vault maps discovered:
D:1:      zelgadis_glass_arrival_small, layout_loops_ring, serial_shops, shop,
          shapermc_ecumenical_altar_venn, corexii_leaking_fountain,
          minmay_misc_feat_square, minivault_5, st_stairs_10,
          minmay_fountain_box, grunt_decor_mini_mirrors
D:2:      layout_basic, basic_altar, serial_shops, nicolae_shop_hallway_plus
D:3:      wander_river, layout_loops_cross, ebering_ghost_inner_flame
D:4:      layout_gridville, serial_rivers, chequers_serial_rivers_small_a,
          chequers_serial_rivers_large_b, chequers_serial_rivers_micro_e,
          chequers_serial_rivers_room_b, chequers_serial_rivers_micro_a,
          chequers_serial_rivers_micro_d, serial_shops, shop,
          hangedman_decor_points, glass_columns_b, solitary_fountain
D:5:      nicolae_cairo_tiling_large_dashed, layout_layer_cave,
          minmay_temple_entry_mini_moons, uniq_duvessa
D:6:      layout_loops_ring, serial_shops, nicolae_diamond_shop,
          gup_sewer_entry_bowl, minmay_misc_feat_tiny, kennysheep_flooded_box,
          glass_columns_b, lemuel_old_faithful, uniq_sigmund
D:7:      layout_cave_pools, st_stairs_2, fountainhead,
          hellmonk_guarded_unrand_gong
D:8:      layout_cave_pools
D:9:      layout_roguey, lemuel_round_altar, due_lair_maze_entry_diamond,
          zombieorc2_lemuel, serial_shops, shop, uniq_joseph
D:10:     layout_grid_maze, enter_bailey_2
Orc:1:    layout_diamond_mine, ebering_ghost_xom, serial_shops,
          nicolae_shop_advertising_works [nicolae_subvault_shop_adworks]
Orc:2:    grunt_orc_community_town_hall, layout_caves,
          grunt_orc_community_big_house_1, grunt_orc_community_big_house_2,
          grunt_orc_community_house_2, grunt_orc_community_house_3,
          grunt_orc_community_house_1, grunt_orc_community_house_3,
          grunt_orc_community_house_2, nicolae_volcano_entry_two_sided,
          serial_shops, nicolae_lakefront_shop, shop_fountains, shop,
          nicolae_shop_overgrown_old_shop, nicolae_shop_behind_doors,
          uniq_nessos, uniq_azrael
Volcano:  hellmonk_zot_springs

Skill      XL: |  1  2  3  4  5  6  7  8  9 10 11 12 |
---------------+-------------------------------------+-----
Transmutations | 2 3 4 5 6 7 |  7.2
Fighting       | 2 3 4 5 6 7 8 |  8.8
Spellcasting   | 3 4 5 6 7 |  7.2
Dodging        | 2 3 4 5 6 |  6.3
Unarmed Combat | 3 4 |  4.5
Invocations    | 2 3 5 7 8 |  8.5
Throwing       | 1 2 3 4 5 6 |  6.0
Armour         | 1 2 4 5 |  5.4
Shields        | 1 3 8 |  8.7

Action                   |  1- 3 |  4- 6 |  7- 9 | 10-12 || total
-------------------------+-------+-------+-------+-------++-------
Melee: Unarmed           |    93 |     7 |       |       ||   100
       Kick              |    13 |     8 |    14 |    17 ||    52
       Headbutt          |     7 |    19 |    33 |    60 ||   119
       Punch             |     1 |     4 |     2 |       ||     7
       Whip              |       |   111 |    96 |       ||   207
       Trident           |       |       |   147 |   400 ||   547
Throw: Dart              |       |     1 |    13 |       ||    14
       Boomerang         |       |    12 |    53 |    62 ||   127
 Cast: Beastly Appendage |    19 |     8 |     7 |     5 ||    39
       Wereblood         |       |     1 |     4 |     8 ||    13
Invok: Renounce Religion |     1 |       |       |       ||     1
       Bend Time         |       |       |       |     2 ||     2
       Slouch            |       |       |       |     7 ||     7
Evoke: Wand              |       |     2 |     6 |     2 ||    10
  Use: Scroll            |       |     7 |     8 |     7 ||    22
       Potion            |       |     1 |     2 |     4 ||     7
 Stab: Sleeping          |     1 |     4 |     2 |     1 ||     8
       Distracted        |       |       |       |     1 ||     1
Armor: Robe              |    24 |    16 |    14 |       ||    54
       Ring mail         |       |       |    51 |    14 ||    65
       Troll leather arm |       |       |       |    28 ||    28
       Plate armour      |       |       |       |    65 ||    65
Dodge: Dodged            |    50 |    85 |   180 |   127 ||   442
Block: Buckler           |       |       |    46 |       ||    46
       Kite shield       |       |       |       |   787 ||   787

Table legend: (Time is in decaauts)
 A = Elapsed time spent in this place.
 B = Non-inter-level travel time spent in this place.
 C = Inter-level travel time spent in this place.
 D = Time resting spent in this place.
 E = Time spent auto-exploring this place.
 F = Levels seen in this place.
 G = Mean time per level.
                   A        B        C        D        E       F      G
               +--------+--------+--------+--------+--------+-----+--------+
         Total |  21311 |  20137 |   1174 |   3641 |  12540 |  15 | 1420.7 |
       Dungeon |  18298 |  17194 |   1104 |   3117 |  11124 |  10 | 1829.8 |
  Orcish Mines |    765 |    695 |     70 |      0 |    438 |   2 |  382.5 |
         Sewer |    584 |    584 |      0 |      0 |    408 |   1 |  584.0 |
        Bailey |    983 |    983 |      0 |    146 |    409 |   1 |  983.0 |
       Volcano |    680 |    680 |      0 |    378 |    160 |   1 |  680.0 |
               +--------+--------+--------+--------+--------+-----+--------+

Top non-repeatable levels by time:
     D:4: 2152 daAuts
     D:3: 2093 daAuts
     D:5: 2088 daAuts
     D:6: 1861 daAuts
     D:8: 1813 daAuts
     D:1: 1779 daAuts
     D:9: 1779 daAuts
    D:10: 1767 daAuts
     D:2: 1716 daAuts
     D:7: 1244 daAuts
  Bailey: 983 daAuts
 Volcano: 680 daAuts
   Orc:1: 635 daAuts
   Sewer: 584 daAuts
   Orc:2: 130 daAuts
